 Dungeon Crawl Stone Soup version 0.28.0-47-ge53b351184 (webtiles) character file.

Game seed: 15592233130492736332

42 101zpm the Firebug (level 3, 0/19 HPs)
             Began as a Gargoyle Fire Elementalist on May 7, 2022.
             Shot with a stone by a goblin (4 damage)
             ... on level 2 of the Dungeon.
             The game lasted 00:03:07 (724 turns).

101zpm the Firebug (Gargoyle Fire Elementalist)      Turns: 724, Time: 00:03:08

Health: 0/19       AC:  5    Str: 11    XL:     3   Next: 56%
Magic:  0/6        EV: 12    Int: 17    God:
Gold:   48         SH:  0    Dex: 10    Spells: 6/7 levels left

rFire   . . .      SeeInvis .   c - +0 short sword
rCold   . . .      Faith    .   (no shield)
rNeg    + . .      Spirit   .   a - +0 robe
rPois   ∞          Reflect  .   (no helmet)
rElec   +          Harm     .   (no cloak)
rCorr   .          Rampage  .   (no gloves)
Will    .....                   (no boots)
Stlth   ++........              (no amulet)
HPRegen 0.06/turn               (no ring)
MPRegen 0.10/turn               (no ring)

@: no status effects
A: sickness immunity, AC +3, negative energy resistance 1, electricity
resistance, torment resistance 1, petrification resistance
a: no special abilities


You were on level 2 of the Dungeon.
You visited 1 branch of the dungeon, and saw 3 of its levels.

You collected 48 gold pieces.

Inventory:

Hand Weapons
 c - a +0 short sword (weapon)
Armour
 a - a +0 robe (worn)
Scrolls
 d - a scroll of teleportation {unknown}
Potions
 b - a potion of curing {unknown}


   Skills:
 + Level 1.7 Dodging
 + Level 2.4 Stealth
 + Level 2.5 Spellcasting
 + Level 1.6 Conjurations
 + Level 3.6 Fire Magic


You had 6 spell levels left.
You knew the following spells:

 Your Spells              Type           Power      Damage    Failure   Level
a - Foxfire               Conj/Fire      44%        2x1d6     6%          1

Your spell library contained the following spells:

 Spells                   Type           Power      Damage    Failure   Level
 Scorch                   Fire           28%        2d6       6%          2
 Conjure Flame            Conj/Fire      11%        6-21      19%         3
 Inner Flame              Hex/Fire       8%         N/A       26%         3
 Flame Wave               Conj/Fire      11%        2d5       52%         4


Dungeon Overview and Level Annotations

Branches:
Dungeon (3/15)

Altars:


Innate Abilities, Weirdness & Mutations

You are immune to sickness and miasma.
Your stone body is resilient. (AC +3)
You are immune to poison.
You resist negative energy. (rN+)
You are resistant to electric shocks. (rElec)
You are resistant to unholy torment.
You are immune to petrification.


Message History

Found 12 sling bullets.
Found a scroll labelled WEIGID FE XOSK.
There is a stone staircase leading up here.
You climb upwards.
The goblin shouts! x2; You hear a shout!
The rat bites you but does no damage. The goblin closely misses you.
A hobgoblin comes into view.
The rat closely misses you.
There is a stone staircase leading down here.
Casting: Foxfire (safe; 6% risk of failure)
Press: ? - help, Q - select action Dir - look around, f - activate You miscast Foxfire.
You are very lightly contaminated with residual magic.
Nothing appears to happen.
The goblin hits you but does no damage. The goblin hits you with a +0 dagger.
The rat bites you. The goblin barely misses you.
You open the door. The goblin hits you but does no damage.
The rat twitches its whiskers.
The rat bites you but does no damage. The goblin hits you with a +0 dagger.
Your magical contamination has completely faded away.
There is an open door here.
You barely miss the goblin. The goblin barely misses you.
You hit the goblin.
The goblin is heavily wounded.
The goblin closely misses you. The goblin hits you with a +0 club.
The rat twitches its whiskers.
Casting: Foxfire (safe; 6% risk of failure)
Press: ? - help, Q - select action Dir - look around, f - activate You conjure some foxfire!
Your foxfire dissipates!
The foxfire hits the goblin.
You kill the goblin!
The goblin unwields a +0 dagger.
The goblin wields a +0 hunting sling.
The goblin shoots a stone.
The stone hits you.
* * * LOW HITPOINT WARNING * * *
An orc comes into view. It is wielding a +0 hand axe.
A bat comes into view.
The goblin shoots a stone.
The stone hits you.
You die...

.....# .....#
.....# .....#
.....#
#########o....#
#rgg..........+
#)######@.....#
#.# #........
#####r## #....##..
#......# #....#
#......# #....#
#......# #.....
#......######.####
#....>.....g...
#......######


You could see an orc (wandering), a hobgoblin, a goblin and a rat.

Vanquished Creatures
  An iguana (D:3)
  A ball python (D:2)
  An endoplasm (D:2)
  A goblin (D:2)
  3 hobgoblins
  2 quokkas (D:1)
  2 kobolds
  2 rats (D:1)
13 creatures vanquished.

Vanquished Creatures (others)
  52 foxfires
52 creatures vanquished.

Grand Total: 65 creatures vanquished

Notes
Turn   | Place    | Note
-------+----------+-------------------------------------------
     0 | D:1      | 101zpm the Gargoyle Fire Elementalist began the quest for
                  | the Orb.
     0 | D:1      | Reached XP level 1. HP: 10/10 MP: 3/3
   442 | D:1      | Reached XP level 2. HP: 15/15 MP: 1/5
   633 | D:2      | You fall into a shaft and drop 1 floor!
   664 | D:3      | Reached XP level 3. HP: 11/19 MP: 1/6
   724 | D:2      | Shot with a stone by a goblin

Illustrated notes

Levels and vault maps discovered:
D:1:      lightli_iron_boxes, layout_loops_ring
D:2:      layout_basic, hellmonk_ecumenical_altar_blasted,
          kennysheep_cluttered_room
D:3:      minmay_diamond_boxcup, layout_loops_cross, serial_shops, shop,
          serial_bayou_pond_d

Action                   || total
-------------------------++-------
Melee: Short sword       ||     7
 Cast: Foxfire           ||    36
Armor: Robe              ||     5
Dodge: Dodged            ||    13
